 Dungeon Crawl Stone Soup version 0.21-a0-507-ga8f6b7a (webtiles) character file.

131 Gwenloh the Sneak (level 4, 0/22 HPs)
             Began as a Spriggan Assassin on Nov 27, 2017.
             Slain by a gnoll
             ... wielding a +0 halberd of freezing
              (4 damage)
             ... on level 5 of the Dungeon on Nov 28, 2017.
             The game lasted 00:28:06 (3738 turns).

Gwenloh the Sneak (Spriggan Assassin)               Turns: 3738, Time: 00:28:06

Health: 0/22       AC:  3    Str:  7    XL:     4   Next: 91%
Magic:  5/5        EV: 19    Int: 12    God:
Gold:   196        SH:  0    Dex: 18    Spells: 3/3 levels left

rFire    . . .     SeeInvis +   b - +0 blowgun
rCold    . . .     Gourm    .   (shield restricted)
rNeg     . . .     Faith    .   u - +0 robe
rPois    .         Spirit   .   (helmet restricted)
rElec    .         Reflect  .   d - +0 cloak
rCorr    .         Harm     .   (gloves unavailable)
MR       .....                  (boots unavailable)
Stlth    ++++......             (no amulet)
HPRegen  0.07/turn              (no ring)
MPRegen  0.09/turn              (no ring)

@: very quick
A: very small, unfitting armour, see invisible, herbivore 3, speed 3, slow
metabolism 2
a: no special abilities


You were on level 5 of the Dungeon.
You were not hungry.

You visited 1 branch of the dungeon, and saw 5 of its levels.

You collected 196 gold pieces.

Inventory:

Hand Weapons
 a - a +2 dagger
 b - a +0 blowgun (weapon)
 c - a +0 hunting sling
Missiles
 e - a poisoned needle (quivered)
 f - 2 curare-tipped needles
 i - 20 bolts
 l - 177 stones
 m - 42 arrows
 o - 27 sling bullets
Armour
 d - a +0 cloak (worn)
 u - a +0 robe (worn)
Jewellery
 p - a cursed amulet of inaccuracy {unknown}
Scrolls
 h - a scroll of enchant weapon {unknown}
 j - 2 scrolls of noise {unknown}
 t - a scroll of teleportation {unknown}
 v - 2 scrolls of remove curse {unknown}
 w - a scroll of fear {unknown}
 x - a scroll of identify {unknown}
Potions
 k - a potion of resistance {unknown}
 n - 2 potions of berserk rage {unknown}
 q - a potion of lignification {unknown}
 r - a potion of heal wounds {unknown}
Comestibles
 g - 2 bread rations
 s - 2 royal jellies


   Skills:
 - Level 1.5 Fighting
 + Level 3.4 Short Blades
 + Level 3.0 Throwing
 + Level 3.6 Dodging
 + Level 6.9 Stealth


You had 3 spell levels left.
You didn't know any spells.

Dungeon Overview and Level Annotations

Branches:
Dungeon (5/15)
 Temple: D:4-7

Altars:
Fedhas
Qazlal

Annotations:
D:3 Tux's ghost, amateur MfGl


Innate Abilities, Weirdness & Mutations

You are very small and have problems with some larger weapons.
You are too small for most types of armour.
You have supernaturally acute eyesight. (SInv)
You are a herbivore.
You cover ground extremely quickly.
You need consume almost no food.


Message History

Firing (i - inventory. (,) - cycle):
e - 3 poisoned needles (quivered)
Press: ? - help, Shift-Dir - straight line, f - gnoll
Aim: a gnoll, wielding a halberd of freezing You shoot a poisoned needle.
The poisoned needle closely misses the gnoll.
Firing (i - inventory. (,) - cycle):
e - 2 poisoned needles (quivered)
Press: ? - help, Shift-Dir - straight line, f/p - gnoll
Aim: a gnoll, wielding a halberd of freezing You shoot a poisoned needle.
The poisoned needle hits the gnoll.
The gnoll is poisoned.
The gnoll misses you.
You open the door. The gnoll misses you.
There is an open door here.
The gnoll hits you from afar with a halberd of freezing!
Ouch! That really hurt!
The gnoll freezes you.
* * * LOW HITPOINT WARNING * * *
You close the door.
The gnoll closely misses you. The gnoll barely misses you.
The gnoll hits you with a halberd of freezing.
You die...

.....##....##..###..##
.....'.....##..###..##
.....#...............#
.....#...............#
.....#.....##..###..##
.....##....##'########
.....##....##........#
......#..........g...#
.(....'....(†...@....##
.##+###..####..###....#
.##Z. #..#########+####
...............#....#
...............#....#
###...........g'....#
#......##....##..##
.......##....######
..................#


You could see a gnoll.

Vanquished Creatures
  A hound (D:5)
  A gnoll (D:5)
  2 adders
  An ooze (D:2)
  A dart slug (D:1)
  2 leopard geckos
  3 orcs
  A ball python (D:1)
  7 giant cockroaches
  8 goblins
  5 hobgoblins
  7 jackals
  A quokka (D:3)
  4 bats
  2 frilled lizards
  2 kobolds
  9 rats
57 creatures vanquished.

Notes
Turn   | Place    | Note
-------+----------+-------------------------------------------
     0 | D:1      | Gwenloh the Spriggan Assassin began the quest for the Orb.
     0 | D:1      | Reached XP level 1. HP: 10/10 MP: 2/2
    78 | D:1      | Reached skill level 6 in Stealth
   266 | D:1      | Reached XP level 2. HP: 14/14 MP: 3/3
   965 | D:2      | Reached XP level 3. HP: 18/18 MP: 4/4
  2148 | D:3      | Found a blossoming altar of Fedhas.
  2148 | D:3      | Found a stormy altar of Qazlal.
  2477 | D:3      | Noticed Tux's ghost (amateur MfGl)
  2757 | D:3      | Reached XP level 4. HP: 22/22 MP: 5/5
  3015 | D:3      | You fall through a shaft for 2 floors!
  3015 | D:5      | Entered Level 5 of the Dungeon
  3738 | D:5      | Slain by a gnoll

Vault maps used:
D:1:      matt_arrival_grand_opening, patterned_corridor
D:3:      makhleb_altar_promises_db, grunt_temple_overflow_forces_of_nature
D:4:      lemuel_crystal_altar, serial_shops, shop, uniq_robin
D:5:      first_bread, small_statue_alley_b, kennysheep_generic_room_13

Skill      XL: |  1  2  3  4 |
---------------+-------------+-----
Stealth        | 6 |  6.9
Dodging        | 2 3 |  3.6
Short Blades   | 3 |  3.4
Throwing       | 3 |  3.0
Fighting       | |  1.5

Action                   |  1- 3 |  4- 6 || total
-------------------------+-------+-------++-------
Melee: Dagger            |   161 |    47 ||   208
 Fire: Blowgun           |    21 |    12 ||    33
 Stab: Sleeping          |    12 |     2 ||    14
Armor: Robe              |    15 |     4 ||    19
Dodge: Dodged            |   118 |    41 ||   159

Table legend:
 A = Spawn XP
 B = Non-spawn XP
 C = Spawn XP percentage of total XP
 D = Spawn monster count
 E = Non-spawn monster count
 F = Spawn count percentage of total count
 G = Total turns spent on level
                    A         B        C        D         E        F      G
               +---------+---------+-------+---------+---------+-------+---------
         Total |       0 |     188 |   0.0 |       0 |      57 |   0.0 |  3738
               +---------+---------+-------+---------+---------+-------+---------
           D:1 |       0 |      36 |   0.0 |       0 |      21 |   0.0 |  1202
           D:2 |       0 |      42 |   0.0 |       0 |      14 |   0.0 |  1120
           D:3 |       0 |      42 |   0.0 |       0 |      16 |   0.0 |   693
           D:5 |       0 |      68 |   0.0 |       0 |       6 |   0.0 |   721
               +---------+---------+-------+---------+---------+-------+---------
